 Dungeon Crawl Stone Soup version 0.30-a0-568-g124715a40b (webtiles) character file.

Game seed: 2016014877802114067

50 Jackthecabe the Conjurer (level 3, -3/26 HPs)
             Began as a Demigod Conjurer on Dec 29, 2022.
             Slain by Terence
             ... wielding a +0 flail
              (8 damage)
             ... on level 3 of the Dungeon.
             The game lasted 00:02:37 (2289 turns).

Jackthecabe the Conjurer (Demigod Conjurer)         Turns: 2289, Time: 00:02:37

Health: -3/26      AC:  2    Str:  8    XL:     3   Next: 35%
Magic:  8/9        EV: 12    Int: 24    God:
Gold:   139        SH:  0    Dex: 12    Spells: 4/7 levels left

rFire   . . .      SeeInvis .    (no weapon)
rCold   . . .      Faith    .    (no shield)
rNeg    . . .      Spirit   .    a - +0 robe
rPois   .          Reflect  .    (no helmet)
rElec   .          Harm     .    (no cloak)
rCorr   .          Rampage  .    (no gloves)
Will    .....                    (no boots)
Stlth   ++                       (no amulet)
HPRegen 0.24/turn                (no ring)
MPRegen 0.11/turn                (no ring)

@: very slightly contaminated
A: high MP 1, forlorn, divine attributes
a: no special abilities


You were on level 3 of the Dungeon.
You visited 1 branch of the dungeon, and saw 3 of its levels.

You collected 139 gold pieces.


Innate Abilities, Weirdness & Mutations

You have an increased reservoir of magic. (+10% MP)
You shall have no god before yourself.
Your divine heritage dramatically boosts your attributes as you level up.


   Skills:
 - Level 1.7 Dodging
 - Level 1.7 Stealth
 + Level 2.6 Spellcasting
 + Level 4.2 Conjurations


You had 4 spell levels left.
You knew the following spells:

 Your Spells              Type           Power      Damage    Failure   Level
m - Magic Dart            Conj           92%        1d7       1%          1
s - Searing Ray           Conj           46%        2d6       3%          2

Your spell library contained the following spells:

 Spells                   Type           Power      Damage    Failure   Level
 Apportation              Tloc           6%         N/A       11%         1
 Necrotise                Necr           12%        1d4       11%         1
 Summon Small Mammal      Summ           12%        N/A       11%         1
 Dazzling Flash           Conj/Hex       26%        N/A       14%         3
 Call Canine Familiar     Summ           3%         N/A       32%         3
 Portal Projectile        Hex/Tloc       6%         N/A       32%         3
 Tukima's Dance           Hex            3%         N/A       32%         3
 Vampiric Draining        Necr           3%         2d6       32%         3
 Fulminant Prism          Conj/Hex       6%         3d7       43%         4
 Iskenderun's Mystic Bla  Conj/Tloc      13%        2d5       43%         4
 Leda's Liquefaction      Hex/Erth       1%         N/A       73%         4
 Agony                    Necr           3%         N/A       97%         5
 Blade Hands              Tmut           1%         N/A       97%         5

Inventory:

Armour
 a - a +0 robe (worn)
Scrolls
 c - a scroll of identify {unknown}
 d - 3 scrolls of teleportation {unknown}
 e - a scroll of vulnerability {unknown}
 g - a scroll of immolation {unknown}
 h - a scroll of fear {unknown}
Potions
 f - a potion of attraction {unknown}
 i - a potion of heal wounds {unknown}
 j - a potion of berserk rage {unknown}
 k - a potion of resistance {unknown}

Dungeon Overview and Level Annotations

Branches:
Dungeon (3/15)

Annotations:
D:3 Terence

##..
.#########....#
........@......
.. #@# #.
####.# #.
#....####.#
#.#..###.....#
#... ##.#####
#.#####..#
#...#...#####
#.<............
##.#†#####....#


You could see Terence.


Message History

You finish channelling your searing ray.
Terence closely misses you.
Casting: Searing Ray (safe; 3% risk of failure)
Confirm with . or Enter, or press ? or * to list all spells.
Aiming: Searing Ray (safe; 3% risk of failure)
Press: ? - help, Shift-Dir - straight line, f/p - Terence
Aim: Terence, wielding a +0 flail and wearing a +0 scale mail of cold resistance (heavily wounded, 81% to hit)
The searing ray hits Terence.
Terence is severely wounded. (Press . to maintain the ray.) Terence closely misses you.
The searing ray misses Terence.
Terence hits you with a +0 flail.
The searing ray hits Terence.
Terence is almost dead.
Terence closely misses you.
Without enough magic to sustain it, your searing ray dissipates.
Terence screams, "I want your blood!" Terence hits you with a +0 flail!
* * * LOW HITPOINT WARNING * * *
Magic courses through your body. Terence hits you with a +0 flail.
* * * LOW HITPOINT WARNING * * *
Casting: Searing Ray (safe; 3% risk of failure)
Confirm with . or Enter, or press ? or * to list all spells.
Aiming: Searing Ray (safe; 3% risk of failure)
Press: ? - help, Shift-Dir - straight line, f/p - Terence
Aim: Terence, wielding a +0 flail and wearing a +0 scale mail of cold resistance (almost dead, 81% to hit)
You miscast Searing Ray.
You are very lightly contaminated with residual magic.
Nothing appears to happen.
Terence hits you with a +0 flail!
You die...

Skill      XL: |  1  2 |
---------------+-------+-----
Spellcasting   | 2 |  2.6
Conjurations   | 4 |  4.2
Dodging        | |  1.7
Stealth        | |  1.7

Action                   || total
-------------------------++-------
 Cast: Magic Dart        ||    75
       Searing Ray       ||     5
  Use: Potion            ||     1
Armor: Robe              ||     3
Dodge: Dodged            ||    15

Levels and vault maps discovered:
D:1:      heliophobic_arrival_battle_scene, layout_basic, serial_bayou,
          serial_bayou_pond_d, serial_bayou_crossing, serial_bayou_shore_a,
          serial_bayou_lagoon_a
D:2:      layout_rooms, serial_bayou, serial_bayou_pond_d, serial_bayou_pond_c,
          serial_bayou_lake_a, serial_bayou_lagoon_b,
          hellmonk_ecumenical_altar_inner_sanctum, kennysheep_donut
D:3:      layout_rooms, tgw_fedhas, uniq_crazy_yiuf_cottage, uniq_terence

Notes
Turn   | Place    | Note
-------+----------+-------------------------------------------
     0 | D:1      | Jackthecabe the Demigod Conjurer began the quest for the
                  | Orb.
     0 | D:1      | Reached XP level 1. HP: 14/14 MP: 5/5
   108 | D:1      | Reached skill level 2 in Spellcasting
   286 | D:1      | Reached XP level 2. HP: 20/20 MP: 4/7
   289 | D:1      | Learned a level 2 spell: Searing Ray
   491 | D:1      | Reached skill level 4 in Conjurations
   565 | D:1      | You fall into a shaft and drop 1 floor!
  1159 | D:1      | Reached XP level 3. HP: 26/26 MP: 7/9
  2279 | D:3      | Noticed Terence
  2289 | D:3      | Slain by Terence

Vanquished Creatures
  A worm (D:2)
  8 endoplasms
  A giant cockroach (D:1)
  5 goblins
  6 hobgoblins
  4 kobolds
  2 quokkas
  7 bats
  3 frilled lizards
  3 rats (D:1)
40 creatures vanquished.

Table legend: (Time is in decaauts)
 A = Elapsed time spent in this place.
 B = Non-inter-level travel time spent in this place.
 C = Inter-level travel time spent in this place.
 D = Time resting spent in this place.
 E = Time spent auto-exploring this place.
 F = Levels seen in this place.
 G = Mean time per level.
                   A        B        C        D        E       F      G
               +--------+--------+--------+--------+--------+-----+--------+
         Total |   2365 |   2285 |     80 |     32 |   1915 |   3 |  788.3 |
       Dungeon |   2365 |   2285 |     80 |     32 |   1915 |   3 |  788.3 |
               +--------+--------+--------+--------+--------+-----+--------+

Top non-repeatable levels by time:
     D:1: 1338 daAuts
     D:2: 994 daAuts
     D:3: 31 daAuts

Table legend:
 A = Non-vault XP
 B = Vault XP
 C = Vault XP percentage of total XP
 D = Non-vault monster count
 E = Vault monster count
 F = Vault count percentage of total count
                 A         B        C        D         E       F
            +---------+---------+-------+---------+---------+-------
      Total |      72 |       0 |   0.0 |      40 |       0 |   0.0
            +---------+---------+-------+---------+---------+-------
        D:1 |      39 |       0 |   0.0 |      23 |       0 |   0.0
        D:2 |      31 |       0 |   0.0 |      16 |       0 |   0.0
        D:3 |       2 |       0 |   0.0 |       1 |       0 |   0.0
            +---------+---------+-------+---------+---------+-------
